 Dungeon Crawl Stone Soup version 0.32-a0-913-g739538afd8 (webtiles) character file.

Game seed: 14505476102386725133

116478 pokeman the Sorcerer (level 16, -2/101 HPs)
             Began as a Deep Elf Hedge Wizard on Apr 8, 2024.
             Was a High Priest of Vehumet.
             Slain by a thermic dynamo (8 damage)
             ... on level 1 of the Elven Halls on Apr 9, 2024.
             The game lasted 01:42:10 (30676 turns).

pokeman the Sorcerer (Deep Elf Hedge Wizard)       Turns: 30676, Time: 01:42:11

Health: -2/101     AC: 13    Str:  7    XL:     16   Next: 21%
Magic:  34/46      EV: 11    Int: 40    God:    Vehumet [*****.]
Gold:   2061       SH:  0    Dex: 14    Spells: 34/63 levels left

rFire   + . .        N - +11 war axe "Ycim" {speed, rF+ rN+}
rCold   . . .        (no shield)
rNeg    + . .        y - +1 leather armour {rPois}
rPois   +            G - +0 helmet of Idghuoku {Regen+ Int+6}
rElec   .            a - +2 cloak {Stlth+}
rCorr   .            (no gloves)
SInv    .            (no boots)
Will    +....        x - amulet of magic regeneration
Stlth   +++          O - +6 ring of intelligence
HPRegen 1.16/turn    q - +4 ring of protection
MPRegen 0.70/turn

%: no passive effects
@: on blink cooldown, studying Fighting
A: no striking features
a: Renounce Religion


You were on level 1 of the Elven Halls.
You worshipped Vehumet.
Vehumet was extremely pleased with you.
You visited 5 branches of the dungeon, and saw 24 of its levels.
You also visited: Bailey.

You collected 2243 gold pieces.
You spent 182 gold pieces at shops.

Inventory:

Hand Weapons
 N - the +11 war axe "Ycim" (weapon) {speed, rF+ rN+}
   (You found it on level 9 of the Dungeon)

   rF+:       It protects you from fire.
   rN+:       It protects you from negative energy.
Missiles
 F - a throwing net
 H - 5 curare-tipped darts
Armour
 a - a +2 cloak of stealth (worn)
 g - a +2 robe of cold resistance
 y - a +1 leather armour of poison resistance (worn)
 B - +0 ice dragon scales
 G - the +0 helmet of Idghuoku (worn) {Regen+ Int+6}
   (You found it on level 7 of the Dungeon)

   Int+6:     It affects your intelligence (+6).
   Regen+:    It increases your rate of health regeneration.
 K - a +2 buckler
Jewellery
 f - a ring of ice
 q - a +4 ring of protection (right hand)
 v - a ring of wizardry
 x - an amulet of magic regeneration (around neck)
 D - a ring of see invisible
 O - a +6 ring of intelligence (left hand)
 S - a ring of wizardry
 U - a ring of fire
Wands
 e - a wand of flame (20)
 j - a wand of polymorph (2)
 r - a wand of mindburst (13)
 t - a wand of acid (17)
 C - a wand of charming (13)
 P - a wand of roots (12)
Scrolls
 h - a scroll of vulnerability
 k - 2 scrolls of fear
 n - 4 scrolls of blinking
 o - 9 scrolls of teleportation
 p - 3 scrolls of revelation
 w - a scroll of fog
 A - a scroll of poison
 Q - a scroll of acquirement
Potions
 c - 5 potions of haste
 d - 4 potions of magic
 i - 2 potions of lignification
 l - 7 potions of heal wounds
 m - 3 potions of berserk rage
 s - 5 potions of curing
 u - 4 potions of mutation {unknown}
 z - a potion of invisibility {unknown}
 I - 3 potions of brilliance {unknown}
 J - 2 potions of degeneration {unknown}
 L - a potion of cancellation {unknown}
 M - a potion of attraction {unknown}


   Skills:
 + Level 11.8 Fighting
 - Level 7.0 Armour
 - Level 3.0 Dodging
 - Level 3.0 Stealth
 + Level 5.3 Shields
 * Level 24.1 Spellcasting
 + Level 14.8 Conjurations
 - Level 1.1 Summonings
 - Level 4.0 Necromancy
 - Level 1.1 Translocations
 + Level 7.3 Ice Magic
 - Level 8.0 Air Magic
 - Level 1.0 Earth Magic
 - Level 1.1 Alchemy
 - Level 1.1 Evocations


You had 34 spell levels left.
You knew the following spells:

 Your Spells              Type           Power      Damage    Failure   Level
a - Magic Dart            Conj           100%       1d8       0%          1
b - Mephitic Cloud        Conj/Alch/Air  84%        N/A       1%          3
c - Call Imp              Summ           100%       N/A       1%          2
d - Blink                 Tloc           100%       N/A       1%          2
e - Airstrike             Air            42%        2d(6-22)  1%          4
f - Dispel Undead         Necr           69%        3d23      1%          4
g - Orb of Destruction    Conj           52%        9d13      1%          7
h - Permafrost Eruption   Ice/Erth       34%        2x4d8     4%          6

Your spell library contained the following spells:

 Spells                   Type           Power      Damage    Failure   Level
 Eringya's Noxious Bog    Alch           27%        4d6       16%         6
 Shock                    Conj/Air       100%       1d9       0%          1
 Sting                    Conj/Alch      100%       1d9       0%          1
 Slow                     Hex            100%       N/A       1%          1
 Summon Small Mammal      Summ           100%       N/A       1%          1
 Cigotuvi's Dreadful Rot  Necr/Alch/Air  100%       N/A       1%          2
 Lesser Beckoning         Tloc           100%       N/A       1%          2
 Mercury Vapours          Alch/Air       100%       N/A       1%          2
 Sublimation of Blood     Necr           69%        N/A       1%          2
 Call Canine Familiar     Summ           54%        N/A       1%          3
 Confusing Touch          Hex            48%        N/A       1%          3
 Dazzling Flash           Conj/Hex       100%       N/A       1%          3
 Maxwell's Portable Pile  Tloc           54%        2d(10-29) 1%          3
 Sigil of Binding         Hex            48%        N/A       1%          3
 Swiftness                Air            84%        N/A       1%          3
 Teleport Other           Tloc           54%        N/A       1%          3
 Vampiric Draining        Necr           69%        2d10      1%          3
 Volatile Blastmotes      Fire/Tloc      100%       2d18      1%          3
 Fulminant Prism          Conj/Alch      42%        3d19      1%          4
 Iskenderun's Mystic Bla  Conj/Tloc      84%        2d17      (+2d91%     4
 Martyr's Knell           Necr/Summ      62%        N/A       1%          4
 Olgreb's Toxic Radiance  Alch           55%        N/A       1%          4
 Curse of Agony           Necr           69%        N/A       3%          5
 Silence                  Hex/Air        34%        N/A       3%          5
 Dimensional Bullseye     Hex/Tloc       25%        N/A       4%          4
 Summon Blazeheart Golem  Fire/Summ      51%        N/A       4%          4
 Malign Gateway           Summ/Tloc      27%        N/A       97%         7
 Summon Hydra             Summ           27%        N/A       97%         7
 Summon Horrible Things   Summ           27%        N/A       100%        8


Dungeon Overview and Level Annotations

Branches:
Dungeon (15/15)            Temple (1/1) D:6            Lair (5/5) D:8
  Swamp (0/4) Lair:2        Snake (0/4) Lair:3        Slime (0/5) Lair:4
    Orc (2/2) D:9             Elf (1/3) Orc:2        Vaults (0/5) D:14
 Bailey (visited)
 Depths: D:15

Altars:
Ashenzari
Cheibriados
Dithmenos
Elyvilon
Fedhas
Gozag
Hepliaklqana
Kikubaaqudgha
Makhleb
Nemelex Xobeh
Okawaru
Qazlal
Ru
Sif Muna
Trog
Uskayaw
Vehumet
Wu Jian
Xom
Yredelemnul
Zin
The Shining One
Beogh
Lugonu

Shops:
D:3 (   D:4 (   Orc:2 ?=[(

Portals:
Abyss: Lair:5

Annotations:
Elf:1 Roxanne


Message History

Unknown command.
Casting: Permafrost Eruption (dangerous; 4% risk of failure)
Confirm with . or Enter, or press ? or * to list all spells.
Bitter cold erupts, blasting rock from the ceiling!
The mass of rock hits the deep elf knight!!
The deep elf knight is heavily wounded.
Piercing cold boils outward!
The piercing cold hits the deep elf knight!!
You kill the deep elf knight!
Vehumet accepts your kill.
You feel your power returning.
The piercing cold hits the thermic dynamo.
The thermic dynamo completely resists.
A wild whirl of fire shoots out from the thermic dynamo at you.
The rebounding bolt of fire hits you! You resist.
Casting: Permafrost Eruption (dangerous; 4% risk of failure)
Confirm with . or Enter, or press ? or * to list all spells.
Bitter cold erupts, blasting rock from the ceiling!
The mass of rock hits the thermic dynamo!
The thermic dynamo is heavily damaged.
Piercing cold boils outward!
The piercing cold hits the thermic dynamo.
The thermic dynamo completely resists.
The thermic dynamo is heavily damaged.
You hear a shout!
The thermic dynamo overflows with ice and vents excess cold at you.
The rebounding bolt of cold hits you!!
* * * LOW HITPOINT WARNING * * *
Casting: Permafrost Eruption (dangerous; 4% risk of failure)
Confirm with . or Enter, or press ? or * to list all spells.
You blink.
A deep elf knight, a deep elf pyromancer and an earth elemental come into view.
A deep elf pyromancer comes into view.
It is wielding a +2 short sword of draining.
The deep elf pyromancer points at you and mumbles some strange words.
The bolt of fire hits the earth elemental.
The earth elemental completely resists.
The bolt of fire misses you. The thermic dynamo hits you.
* * * LOW HITPOINT WARNING * * *
You are engulfed in flames!
You resist.
You die...

###.....#
#.......#
...###'#.#
##.##.#
##.###.#
##.## #.#
########.##
#.#
###v§.....##
#.#
#)@#######.##
#.# #.##
##.## #.# #.
##.###.# #E
##.##.# e.
####.# #. #.#
#e #.## #.
#.## #...


You could see an earth elemental, 2 deep elf pyromancers and a thermic dynamo.

Vanquished Creatures
  Jorgrun (Elf:1)
  Louise (Elf:1)
  An orc warlord (Orc:2)
  Fannar (Lair:1)
  A deep elf high priest (Elf:1)
  3 hydras
  An anaconda (Lair:3)
  4 ogre magi
  Erolcha (D:9)
  A catoblepas (Lair:1)
  6 centaur warriors
  9 two-headed ogres
  A tengu warrior (D:13)
  The ghost of mitch45678 the Cleaver, a novice MDBe of Trog (D:10)
  A dancing weapon (Elf:1)
  3 boulder beetles
  14 death yaks
  4 thrashing horrors (Lair:5)
  Urug (D:14)
  An occultist (D:15)
  An orc high priest (Orc:1)
  Sonja (Lair:2)
  A deep elf knight (Elf:1)
  A skyshark (Lair:4)
  2 spriggan druids (Lair:2)
  A deep elf archer (Elf:1)
  A glowing orange brain (D:15)
  4 obsidian bats
  2 orc knights
  11 deep elf pyromancers
  4 deep elf zephyrmancers (Elf:1)
  Pikel (D:4)
  12 ugly things
  9 orc sorcerers
  8 cyclopes
  An oklob plant (Lair:4)
  3 meliai (D:14)
  8 elephants (Lair:3)
  Joseph (D:9)
  2 smoke demons (Lair:5)
  A kobold blastminer (Orc:1)
  5 black mambas
  A cane toad (shapeshifter) (D:13)
  4 large abominations (Lair:5)
  9 cane toads
  Maggie (D:9)
  An efreet (D:14)
  5 komodo dragons
  A freezing wraith (D:14)
  2 tengu conjurers (D:14)
  2 rime drakes
  9 trolls
  A troll (shapeshifter) (Lair:5)
  A queen bee (D:9)
  5 hornets
  3 polar bears
  A polar bear (shapeshifter) (D:13)
  10 dream sheep
  26 blink frogs
  A raiju (Lair:5)
  6 slime creatures (D:12)
  A shadow (D:11)
  7 wraiths
  A spriggan (Lair:5)
  A water elemental (Elf:1)
  2 ynoxinuls (Lair:5)
  2 wyverns
  6 wargs
  58 yaks
  8 basilisks
  A golden eye (shapeshifter) (D:14)
  16 humans
  2 steam dragons
  A chaos spawn (Lair:5)
  3 nagas (Lair:3)
  23 water moccasins
  27 orc warriors
  2 ice beasts
  A sky beast (D:7)
  10 ogres
  7 black bears
  8 small abominations (Lair:5)
  28 centaurs
  30 wolves
  4 lemures (D:4)
  2 kobold brigands
  12 bullfrogs
  3 scorpions
  18 killer bees
  3 howler monkeys (D:12)
  A bombardier beetle (D:6)
  4 crimson imps
  An iron imp (Orc:1)
  2 jellies
  18 orc priests
  4 gnoll boudas
  5 sleepcaps
  Jessica (D:2)
  38 orc wizards
  9 adders
  15 gnolls
  A river rat (D:8)
  2 shadow imps
  5 white imps
  2 ufetubi (D:4)
  2 ribbon worms (D:2)
  2 dart slugs
  104 orcs
  3 ball pythons
  3 endoplasms
  6 giant cockroaches
  9 goblins
  16 kobolds
  3 quokkas
  3 bats
  4 frilled lizards
  3 rats
778 creatures vanquished.

Vanquished Creatures (collateral kills)
  A killer bee (D:9)
  An orc wizard (D:4)
  A dart slug (D:2)
  A giant cockroach (D:2)
  A kobold (D:2)
5 creatures vanquished.

Vanquished Creatures (others)
  A killer bee (D:9)
1 creature vanquished.

Grand Total: 784 creatures vanquished

Notes
Turn   | Place    | Note
-------+----------+-------------------------------------------
     0 | D:1      | pokeman the Deep Elf Hedge Wizard began the quest for the
                  | Orb.
     0 | D:1      | Reached XP level 1. HP: 10/10 MP: 7/7
   441 | D:1      | Reached XP level 2. HP: 15/15 MP: 5/9
   901 | D:2      | Noticed Jessica
   909 | D:2      | Killed Jessica
   910 | D:2      | Reached skill level 5 in Spellcasting
   910 | D:2      | Reached XP level 3. HP: 18/20 MP: 1/11
   916 | D:1      | Learned a level 3 spell: Mephitic Cloud
   919 | D:1      | Learned a level 2 spell: Call Imp
   922 | D:1      | Learned a level 2 spell: Blink
  1107 | D:2      | Reached skill level 1 in Fighting
  1107 | D:2      | Reached skill level 1 in Armour
  1416 | D:2      | Reached XP level 4. HP: 25/25 MP: 8/13
  2220 | D:3      | You fall into a shaft and drop 2 floors!
  2220 | D:5      | Entered Level 5 of the Dungeon
  2231 | D:5      | Noticed a scorpion
  2481 | D:4      | Found Buttej's Weapon Emporium.
  2654 | D:3      | Found Qenwim's Weapon Shop.
  3310 | D:4      | Noticed a scorpion
  3407 | D:3      | Reached skill level 6 in Spellcasting
  3407 | D:3      | Reached XP level 5. HP: 9/29 MP: 4/15
  3521 | D:4      | Noticed a steam dragon
  3532 | D:4      | Reached skill level 1 in Air Magic
  3534 | D:4      | Reached skill level 1 in Alchemy
  3534 | D:4      | Reached skill level 1 in Evocations
  3537 | D:4      | Reached XP level 6. HP: 32/34 MP: 9/17
  3853 | D:4      | Killed a steam dragon
  3854 | D:4      | Reached skill level 7 in Spellcasting
  4038 | D:4      | Reached XP level 7. HP: 36/39 MP: 4/20
  4230 | D:4      | Reached skill level 8 in Spellcasting
  4447 | D:4      | Noticed Pikel
  4495 | D:4      | Killed Pikel
  4496 | D:4      | Reached skill level 9 in Spellcasting
  4496 | D:4      | Reached XP level 8. HP: 15/44 MP: 2/23
  4632 | D:4      | Learned a level 4 spell: Airstrike
  5433 | D:5      | Reached skill level 5 in Conjurations
  6218 | D:6      | Reached skill level 10 in Spellcasting
  6272 | D:6      | Found a staircase to the Ecumenical Temple.
  6282 | Temple   | Entered the Ecumenical Temple
  6298 | Temple   | Became a worshipper of Vehumet
  7267 | D:6      | Reached XP level 9. HP: 48/48 MP: 18/25
  7525 | D:7      | Reached skill level 11 in Spellcasting
  7802 | D:7      | Found a stormy altar of Qazlal.
  7815 | D:7      | Reached * piety under Vehumet
  7815 | D:7      | Offered knowledge of Kiss of Death by Vehumet.
  7966 | D:7      | Identified the +0 helmet of Idghuoku {Regen+ Int+6}
  8268 | D:7      | Reached skill level 5 in Air Magic
  8753 | D:8      | Noticed a death yak
  8753 | D:8      | Found a staircase to the Lair.
  8754 | D:8      | Noticed a death yak
  9154 | D:8      | Reached skill level 12 in Spellcasting
  9453 | D:8      | Killed a death yak
  9454 | D:8      | Reached XP level 10. HP: 16/56 MP: 3/28
 10011 | D:8      | Killed a death yak
 10012 | D:8      | Reached skill level 13 in Spellcasting
 10598 | D:9      | Found a staircase to the Orcish Mines.
 10647 | D:9      | Reached ** piety under Vehumet
 10650 | D:9      | Offered knowledge of Sandblast by Vehumet.
 10651 | D:9      | Reached skill level 1 in Necromancy
 10658 | D:9      | Noticed Maggie
 10670 | D:9      | Killed Maggie
 10765 | D:9      | Reached skill level 14 in Spellcasting
 10821 | D:9      | Identified the +11 war axe "Ycim" {speed, rF+ rN+}
 10933 | D:9      | Noticed Erolcha
 10945 | D:9      | Killed Erolcha
 11044 | D:9      | Noticed Joseph
 11053 | D:9      | Killed Joseph
 11146 | D:9      | Learned a level 4 spell: Dispel Undead
 11293 | D:9      | Reached XP level 11. HP: 51/62 MP: 24/31
 11446 | D:10     | Entered Level 10 of the Dungeon
 11527 | D:10     | Offered knowledge of Scorch by Vehumet.
 11528 | D:10     | Reached skill level 15 in Spellcasting
 11627 | D:10     | Found a runed translucent door.
 11628 | D:10     | Noticed mitch45678's ghost (novice MDBe)
 11673 | D:10     | Found a flagged portal.
 11686 | Bailey   | Entered a bailey
 11697 | Bailey   | Reached *** piety under Vehumet
 11849 | Bailey   | Reached skill level 5 in Fighting
 12178 | Bailey   | Offered knowledge of Inner Flame by Vehumet.
 13124 | D:11     | Reached **** piety under Vehumet
 13178 | D:11     | Offered knowledge of Brom's Barrelling Boulder by Vehumet.
 13361 | D:11     | Reached skill level 16 in Spellcasting
 13374 | D:11     | Noticed a two-headed ogre
 13377 | D:11     | Killed a two-headed ogre
 13674 | D:11     | Noticed a two-headed ogre
 13679 | D:11     | Killed a two-headed ogre
 13680 | D:11     | Reached skill level 5 in Armour
 13912 | D:11     | Noticed a green ugly thing
 13938 | D:11     | Killed a green ugly thing
 14156 | D:12     | Noticed a boulder beetle
 14161 | D:12     | Reached XP level 12. HP: 63/68 MP: 32/34
 14166 | D:12     | Noticed a two-headed ogre
 14176 | D:12     | Killed a boulder beetle
 14182 | D:12     | Killed a two-headed ogre
 14183 | D:12     | Reached skill level 10 in Conjurations
 14211 | D:12     | Reached skill level 17 in Spellcasting
 15507 | D:13     | Noticed a centaur warrior
 15513 | D:13     | Killed a centaur warrior
 15566 | D:13     | Noticed a centaur warrior
 15677 | D:13     | Killed a centaur warrior
 15710 | D:13     | Reached skill level 18 in Spellcasting
 15726 | D:13     | Noticed a seven-headed hydra
 15735 | D:13     | Killed a seven-headed hydra
 15869 | D:13     | Noticed a two-headed ogre
 15873 | D:13     | Killed a two-headed ogre
 15966 | D:13     | Noticed a centaur warrior
 15980 | D:13     | Noticed a centaur warrior
 15983 | D:13     | Killed a centaur warrior
 15998 | D:13     | Killed a centaur warrior
 16229 | D:13     | Noticed a tengu warrior
 16229 | D:13     | Noticed a centaur warrior
 16248 | D:13     | Killed a centaur warrior
 16254 | D:13     | Killed a tengu warrior
 16255 | D:13     | Reached ***** piety under Vehumet
 16255 | D:13     | Offered knowledge of Orb of Destruction by Vehumet.
 16264 | D:13     | Learned a level 7 spell: Orb of Destruction
 16368 | D:13     | Noticed an entropy weaver
 16373 | D:13     | an entropy weaver changed into a polar bear
 16378 | D:13     | Reached XP level 13. HP: 68/72 MP: 14/37
 16586 | D:14     | Noticed Urug
 16586 | D:14     | Found a gate to the Vaults.
 16671 | D:14     | Reached skill level 19 in Spellcasting
 17367 | D:14     | Killed Urug
 17779 | D:14     | Found an opulent altar of Gozag.
 18531 | D:14     | Reached skill level 20 in Spellcasting
 18729 | D:14     | Found a shimmering blue altar of Sif Muna.
 18746 | D:15     | Entered Level 15 of the Dungeon
 19976 | D:15     | Noticed a fire dragon
 20298 | D:10     | Killed mitch45678's ghost
 20430 | Lair:1   | Entered Level 1 of the Lair of Beasts
 20452 | Lair:1   | Noticed Fannar
 20475 | Lair:1   | Killed Fannar
 20490 | Lair:1   | Reached XP level 14. HP: 75/84 MP: 26/40
 20492 | Lair:1   | Reached skill level 21 in Spellcasting
 20980 | Lair:1   | Offered knowledge of Permafrost Eruption by Vehumet.
 21003 | Lair:1   | Learned a level 6 spell: Permafrost Eruption
 21698 | Lair:2   | Reached skill level 1 in Ice Magic
 21705 | Lair:2   | Reached skill level 1 in Earth Magic
 22486 | Lair:2   | Noticed Sonja
 22499 | Lair:2   | Killed Sonja
 23033 | Lair:2   | Found a staircase to the Swamp.
 23351 | Lair:3   | Found a staircase to the Snake Pit.
 23522 | Lair:3   | Reached skill level 1 in Shields
 23615 | Lair:3   | Offered knowledge of Plasma Beam by Vehumet.
 23632 | Lair:3   | Reached skill level 22 in Spellcasting
 23870 | Lair:3   | Identified the serpent talisman "Huipn" {Str+6 Int-5 Dex-4}
 24621 | Lair:4   | Found a staircase to the Slime Pits.
 25228 | Lair:4   | Reached skill level 10 in Fighting
 25523 | Lair:4   | Reached XP level 15. HP: 92/92 MP: 22/43
 25675 | Lair:5   | Entered Level 5 of the Lair of Beasts
 25851 | Lair:5   | Offered knowledge of Irradiate by Vehumet.
 25964 | Lair:5   | Reached skill level 5 in Ice Magic
 26802 | Lair:5   | Reached skill level 23 in Spellcasting
 27633 | Lair:5   | Found a corrupted altar of Lugonu.
 27633 | Lair:5   | Found a one-way gate to the infinite horrors of the Abyss.
 27866 | Orc:1    | Entered Level 1 of the Orcish Mines
 27998 | Orc:2    | Entered Level 2 of the Orcish Mines
 28060 | Orc:2    | Offered knowledge of Bombard by Vehumet.
 28589 | Orc:1    | Identified the +1 hat "Cotuhin" {Will++ rCorr Str-3 Slay+3}
 28865 | Orc:2    | Found a staircase to the Elven Halls.
 28891 | Orc:2    | Found a roughly hewn altar of Beogh.
 28981 | Orc:2    | Found a burning altar of Makhleb.
 29149 | Orc:2    | Reached ****** piety under Vehumet
 29150 | Orc:2    | Offered knowledge of Eringya's Noxious Bog by Vehumet.
 29193 | Orc:2    | Found Koceo's Antique Weapon Emporium.
 29213 | Orc:2    | Found an ancient bone altar of Kikubaaqudgha.
 29424 | Orc:2    | Found a roughly hewn altar of Beogh.
 29424 | Orc:2    | Found Cuethri's Magic Scroll Emporium.
 29442 | Orc:2    | Found Enaom's Antique Armour Emporium.
 29445 | Orc:2    | Bought 2 scrolls of teleportation for 84 gold pieces
 29445 | Orc:2    | Bought a scroll of teleportation for 42 gold pieces
 29445 | Orc:2    | Bought a scroll of identify for 28 gold pieces
 29445 | Orc:2    | Bought a scroll of identify for 28 gold pieces
 29469 | Orc:2    | Found a radiant altar of Vehumet.
 29494 | Orc:2    | Found Pocumnu's Jewellery Shoppe.
 29740 | Elf:1    | Entered Level 1 of the Elven Halls
 29743 | Elf:1    | Reached XP level 16. HP: 100/100 MP: 35/45
 29790 | Elf:1    | Reached skill level 5 in Shields
 29977 | Elf:1    | Noticed Jorgrun
 29981 | Elf:1    | Noticed Louise
 30020 | Elf:1    | Killed Jorgrun
 30025 | Elf:1    | Reached skill level 24 in Spellcasting
 30252 | Elf:1    | Killed Louise
 30441 | Elf:1    | Noticed Roxanne
 30676 | Elf:1    | Slain by a thermic dynamo

Illustrated notes

Levels and vault maps discovered:
D:1:      dpeg_arrival_simpleton_c, layout_loops_ring
D:2:      layout_loops_ring, uniq_jessica
D:3:      layout_basic, serial_shops, shop
D:4:      layout_loops_corners, serial_shops, nicolae_shop_bloodbath_and_beyond,
          kennysheep_dice, uniq_pikel
D:5:      layout_basic
D:6:      layout_basic, minmay_temple_entry_sparse_star,
          chequers_serial_rivers_micro_d
D:7:      layout_loops_ring, nicolae_qazlal_style_of_elements
D:8:      layout_gridville, dpeg_lair_monsters
D:9:      layout_gridville, orc_0_dummy, minivault_7, uniq_joseph, uniq_erolcha,
          uniq_maggie
D:10:     layout_rooms, enter_bailey_3, gammafunk_ghost_grave,
          minmay_fire_ice_demons
D:11:     layout_rooms
D:12:     layout_gridville, gauntlet_entry_generic
D:13:     layout_rooms
D:14:     layout_loops_cross, david_vaults_3, grunt_gozag_statues,
          minmay_misc_feat_nine_boxes, lemuel_blue_sif_altar
D:15:     grunt_enter_depths_hoard, layout_stronghold, kennysheep_flooded_box,
          grunt_decor_fettered
Temple:   roderic_octagonal_lattice_temple
Lair:1:   layout_regular_city, grunt_megastairs_5, infiniplex_staircase_pool_2,
          lemuel_fruit_fields, uniq_fannar
Lair:2:   layout_hall_layers, mainiacjoe_swamp_entry_angry_trees,
          grunt_megastairs_3, uniq_sonja
Lair:3:   layout_misc_corridors, guppyfry_snake_entry_island,
          hellmonk_talismancer
Lair:4:   layout_cave_shapes, slime_entry_1, chequers_serial_rivers_room_a,
          uniq_urug
Lair:5:   hellmonk_lair_end_abyssal_woods, layout_regular_city,
          lemuel_fruit_fields
Orc:1:    layout_caves, hangedman_minor_magic
Orc:2:    kennysheep_orc_mage_school, layout_diamond_mine, basic_altar,
          mines1_david
Elf:1:    minmay_the_grid_triangle_9x9_rhombus_full
          [minmay_the_grid_triangle_9x9_skeleton,
          minmay_the_grid_triangle_9x9_odd_lines,
          minmay_the_grid_triangle_9x9_minimal,
          minmay_the_grid_triangle_9x9_corruption,
          minmay_the_grid_triangle_9x9_intruding_spiral,
          minmay_the_grid_triangle_9x9_fully_insulated_deathbox,
          minmay_the_grid_triangle_9x9_pentomino_pain,
          minmay_the_grid_triangle_9x9_prize_schism], layout_geoelf_diagonals,
          ebering_ghost_inner_flame, kennysheep_underground_church,
          uniq_roxanne, uniq_jorgrun, uniq_louise

Skill      XL: |  1  2  3  4  5  6  7  8  9 10 11 12 13 14 15 16 |
---------------+-------------------------------------------------+-----
Spellcasting   | 5 6 7 9 10 12 14 16 18 20 22 23 24 | 24.1
Fighting       | 1 2 3 4 5 8 10 11 | 11.8
Armour         | 1 2 3 4 5 6 7 |  7.0
Conjurations   | 2 3 4 5 7 8 9 11 12 13 14 | 14.8
Stealth        | 3 |  3.0
Dodging        | 3 |  3.0
Air Magic      | 1 2 4 6 7 8 |  8.0
Alchemy        | 1 |  1.1
Evocations     | 1 |  1.1
Necromancy     | 1 4 |  4.0
Ice Magic      | 4 6 7 |  7.3
Earth Magic    | 1 |  1.0
Shields        | 2 4 5 |  5.3
Summonings     | |  1.1
Translocations | |  1.1

Action                     |  1- 3 |  4- 6 |  7- 9 | 10-12 | 13-15 | 16-18 || total
---------------------------+-------+-------+-------+-------+-------+-------++-------
  Melee: Dagger            |    22 |    42 |    77 |    78 |       |       ||   219
         Whip              |       |     6 |    77 |       |       |       ||    83
         War axe           |       |       |       |   150 |   280 |       ||   430
         Unarmed           |       |       |       |       |    28 |       ||    28
   Cast: Magic Dart        |    59 |    93 |   160 |   114 |     3 |       ||   429
         Mephitic Cloud    |     4 |    11 |    37 |    74 |    85 |     7 ||   218
         Call Imp          |     2 |     2 |     7 |     1 |     1 |       ||    13
         Blink             |       |     2 |     4 |     6 |    11 |     2 ||    25
         Airstrike         |       |       |    23 |   155 |   555 |     6 ||   739
         Orb of Destructio |       |       |       |       |    38 |     6 ||    44
         Dispel Undead     |       |       |       |       |     2 |       ||     2
         Permafrost Erupti |       |       |       |       |    58 |    28 ||    86
  Evoke: Wand              |       |       |       |     2 |    18 |       ||    20
    Use: Scroll            |       |       |       |    13 |     9 |       ||    22
         Potion            |       |       |       |       |     1 |       ||     1
   Stab: Confused          |     1 |     6 |    18 |    32 |    43 |       ||   100
         Distracted        |       |     1 |     1 |       |       |       ||     2
 Armour: Robe              |    18 |     7 |       |       |       |       ||    25
         Leather armour    |       |    42 |   118 |   174 |   332 |    25 ||   691
  Dodge: Dodged            |    34 |    43 |   108 |   185 |   187 |     1 ||   558

Table legend: (Time is in decaauts)
 A = Elapsed time spent in this place.
 B = Non-inter-level travel time spent in this place.
 C = Inter-level travel time spent in this place.
 D = Time resting spent in this place.
 E = Time spent auto-exploring this place.
 F = Levels seen in this place.
 G = Mean time per level.
                   A        B        C        D        E       F      G
               +--------+--------+--------+--------+--------+-----+--------+
         Total |  30745 |  28758 |   1987 |   3311 |  19984 |  25 | 1229.8 |
       Dungeon |  19564 |  18120 |   1444 |   2240 |  12746 |  15 | 1304.3 |
        Temple |    103 |     66 |     37 |      0 |      0 |   1 |  103.0 |
          Lair |   7234 |   6788 |    446 |    569 |   5000 |   5 | 1446.8 |
  Orcish Mines |   1873 |   1815 |     58 |    220 |   1116 |   2 |  936.5 |
   Elven Halls |    936 |    936 |      0 |    202 |    579 |   1 |  936.0 |
        Bailey |   1033 |   1033 |      0 |     80 |    542 |   1 | 1033.0 |
               +--------+--------+--------+--------+--------+-----+--------+

Top non-repeatable levels by time:
  Lair:5: 2064 daAuts
  Lair:2: 1853 daAuts
    D:13: 1754 daAuts
     D:7: 1684 daAuts
     D:4: 1602 daAuts
    D:14: 1595 daAuts
     D:3: 1541 daAuts
     D:8: 1467 daAuts
    D:12: 1351 daAuts
     D:6: 1266 daAuts
  Lair:1: 1255 daAuts
    D:11: 1226 daAuts
     D:9: 1200 daAuts
   Orc:2: 1143 daAuts
  Lair:3: 1121 daAuts
